 Dungeon Crawl Stone Soup version 0.30.1-3-gfc49f6343a (webtiles) character file.

Game seed: 224356405258780671

14156 TheDoctor the Spear-Bearer (level 12, -4/108 (114) HPs)
             Began as an Ogre Gladiator on July 22, 2023.
             Was a High Priest of Okawaru.
             Slain by a tengu reaver
             ... wielding a +1 battleaxe of electrocution
              (14 damage)
             ... on level 12 of the Dungeon.
             The game lasted 00:44:22 (17830 turns).

TheDoctor the Spear-Bearer (Ogre Gladiator)        Turns: 17830, Time: 00:44:22

HP:   -4/108 (114)  AC:  8    Str: 27    XL:     12   Next: 13%
MP:   14/17         EV: 15    Int: 13    God:    Okawaru [*****.]
Gold: 677           SH:  0    Dex: 10    Spells: 11/17 levels left

rFire   . . .        Q - +7 trident "Gicwien" {flame, Str+2 Int+4}
rCold   . . .        (no shield)
rNeg    . . .        S - +0 steam dragon scales
rPois   .            c - +0 hat
rElec   .            v - +1 cloak
rCorr   .            (gloves unavailable)
SInv    .            (boots unavailable)
Will    +....        x - amulet of the acrobat
Stlth   +            L - +5 ring of evasion
HPRegen 0.38/turn    (no ring)
MPRegen 0.15/turn

%: acrobat
@: confusing by touch, drained
A: large, unfitting armour, tough skin 1
a: Renounce Religion, Heroism, Finesse, Duel


You were on level 12 of the Dungeon.
You worshipped Okawaru.
Okawaru was extremely pleased with you.
You visited 2 branches of the dungeon, and saw 13 of its levels.

You collected 781 gold pieces.
You spent 104 gold pieces at shops.

Inventory:

Hand Weapons
 a - a +2 mace of holy wrath
 k - a +1 whip of freezing
 Q - the +7 trident "Gicwien" (weapon) {flame, Str+2 Int+4}
   (You found it on level 7 of the Dungeon)

   Str:       It affects your strength (+2).
   Int:       It affects your intelligence (+4).
Missiles
 b - 54 stones
 d - a throwing net
 e - 3 large rocks
 f - 5 javelins (quivered)
 z - a boomerang
 E - 9 poisoned darts
 U - a boomerang of dispersal
 W - 2 silver javelins
Armour
 c - a +0 hat (worn)
 v - a +1 cloak (worn)
 A - a scarf of repulsion
 S - +0 steam dragon scales (worn)
Jewellery
 s - an amulet of magic regeneration
 x - an amulet of the acrobat (around neck)
 L - a +5 ring of evasion (left hand)
Wands
 I - a wand of acid (7)
 R - a wand of flame (14)
 V - a wand of paralysis (2)
Scrolls
 j - 3 scrolls of vulnerability {unknown}
 l - 4 scrolls of amnesia
 n - a scroll of acquirement {unknown}
 o - a scroll of torment {unknown}
 q - 4 scrolls of poison {unknown}
 t - 2 scrolls of enchant armour {unknown}
 u - 5 scrolls of fear
 y - 2 scrolls of noise {unknown}
 B - 5 scrolls of fog {unknown}
 C - 2 scrolls of summoning
 D - 4 scrolls of teleportation
 F - 4 scrolls of magic mapping {unknown}
 G - 2 scrolls of blinking {unknown}
 K - 3 scrolls of enchant weapon {unknown}
 N - 3 scrolls of immolation {unknown}
Potions
 g - 3 potions of degeneration {unknown}
 h - 2 potions of heal wounds
 i - 4 potions of haste
 m - 3 potions of flight
 p - 2 potions of attraction {unknown}
 r - 4 potions of curing
 w - 2 potions of mutation {unknown}
 H - a potion of berserk rage {unknown}
 J - 2 potions of brilliance {unknown}
 M - a potion of ambrosia {unknown}
 O - a potion of resistance {unknown}
 P - 2 potions of cancellation {unknown}
 T - a potion of invisibility
 X - a potion of might {unknown}


   Skills:
 + Level 6.1 Fighting
 - Level 8.1 Maces & Flails
 - Level 10.2 Polearms
 - Level 10.0 Throwing
 - Level 2.6 Dodging
 + Level 3.4 Spellcasting
 - Level 8.2 Hexes


You had 11 spell levels left.
You knew the following spells:

 Your Spells              Type           Power      Damage    Failure   Level
a - Confusing Touch       Hex            23%        N/A       2%          3
b - Vhi's Electric Charg  Tloc/Air       4%         N/A       54%         3

Your spell library contained the following spells:

 Spells                   Type           Power      Damage    Failure   Level
 Slow                     Hex            92%        N/A       1%          1
 Freeze                   Ice            8%         1d3       22%         1
 Sting                    Tmut/Pois      8%         1d3       22%         1
 Poisonous Vapours        Pois/Air       4%         N/A       32%         2
 Frozen Ramparts          Ice            4%         1d1       54%         3
 Hailstorm                Conj/Ice       2%         3d3       54%         3
 Vampiric Draining        Necr           2%         2d6       54%         3
 Metabolic Englaciation   Hex/Ice        6%         N/A       75%         5
 Olgreb's Toxic Radiance  Pois           2%         N/A       91%         4
 Petrify                  Tmut/Erth      2%         N/A       91%         4
 Arcjolt                  Conj/Air       1%         1d11      99%         5
 Plasma Beam              Fire/Air       1%         2x1d12    100%        6
 Statue Form              Tmut/Erth      1%         N/A       100%        6
 Orb of Destruction       Conj           1%         9d5       100%        7
 Summon Guardian Golem    Hex/Summ       Unusable   N/A       N/A         3
 Spellforged Servitor     Conj/Summ      Unusable   N/A       N/A         7

Dungeon Overview and Level Annotations

Branches:
Dungeon (12/15)            Temple (1/1) D:7            Lair (0/5) D:10
    Orc: D:9-12

Altars:
Ashenzari
Cheibriados
Dithmenos
Elyvilon
Fedhas
Gozag
Hepliaklqana
Kikubaaqudgha
Makhleb
Okawaru
Qazlal
Ru
Sif Muna
Trog
Uskayaw
Vehumet
Wu Jian
Xom
Yredelemnul
Zin
The Shining One

Shops:
D:1 ***(   D:3 !   D:9 ?:

Annotations:
D:8 4 transporters, Gastronok
D:9 3 runed translucent doors, Wiggles's ghost, novice MiBe
D:10 1 transporter, Inchmeat's ghost, journeyman AtMo
D:11 3 runed translucent doors, Inchmeat's ghost, journeyman TrGl; erynZofia's ghost, journeyman DEAE


Innate Abilities, Weirdness & Mutations

You are too large for most types of armour.
You have tough skin. (AC +1)


Message History

You hit the sphinx but do no damage.
The sphinx is almost dead.
The sphinx closely misses you. The sphinx completely misses you. x2
You hit the sphinx. You burn the sphinx.
You kill the sphinx!
Okawaru is honoured by your kill.
Your Fighting skill increases to level 6!
Your Spellcasting skill gained 2 levels and is now at level 3!
You now have 677 gold pieces (gained 10).
You start resting.
Magic restored.
You start resting.
HP restored.
b - 54 stones (gained 4)
An eye of devastation comes into view.
A tengu reaver comes into view.
It is wielding a +1 battleaxe of electrocution.
The tengu reaver shouts!
You see here a +0 triple crossbow.
The tengu reaver points at you and mumbles some strange words.
The bolt of fire misses you.
You start waiting.
A tengu reaver is nearby!
Casting: Confusing Touch (mildly dangerous; 2% risk of failure)
Confirm with . or Enter, or press ? or * to list all spells.
Your hands begin to glow red.
You hit the tengu reaver but do no damage.
The tengu reaver gestures at you while chanting.
The bolt of fire hits you!!!
You barely miss the tengu reaver.
You hit the tengu reaver but do no damage.
The tengu reaver gestures at you while chanting.
The bolt of negative energy hits you!!!
You feel drained.
You miss the tengu reaver. The tengu reaver closely misses you.
The tengu reaver pecks you but does no damage.
The tengu reaver misses you.
You hit the tengu reaver but do no damage.
The tengu reaver hits you with a +1 battleaxe of electrocution!!
* * * LOW HITPOINT WARNING * * *
You are electrocuted!
You die...

.#....# .##...# ...
.....####.#.#..#
#####.........#..#.#
#.....!/!.....#...##
#.....[Q(.....##...#
#.....))(...G.#.#..#
#.........#####..#.#
##..##....# ##Q....#
#.# #..†.###.#@..)#
# #.....#.##....#
#....#Q###....#
######## ######


You could see a tengu reaver.

Vanquished Creatures
  A sphinx (D:12)
  An ogre mage (D:12)
  2 two-headed ogres (D:11)
  Maurice (D:11)
  A manticore (D:11)
  An unseen horror (D:11)
  A troll (D:11)
  2 polar bears (D:8)
  A hornet (D:7)
  4 slime creatures
  A water elemental (D:11)
  A vampire (D:9)
  2 steam dragons
  3 wraiths
  13 yaks
  A basilisk (D:11)
  Menkaure (D:5)
  3 wargs (D:10)
  6 vampire mosquitoes
  3 water moccasins
  3 orc warriors
  2 black bears
  An ice beast (D:6)
  3 centaurs
  4 bullfrogs
  3 scorpions
  A gnoll sergeant (D:8)
  10 wights
  22 killer bees
  10 howler monkeys
  An electric eel (D:9)
  4 crimson imps
  3 jellies
  4 hounds
  6 orc priests
  A gnoll bouda (D:5)
  4 iguanas
  8 orc wizards
  2 sleepcaps (D:7)
  A centaur simulacrum (D:9)
  8 gnolls
  11 adders
  4 white imps
  A howler monkey simulacrum (D:9)
  2 ufetubi
  2 worms
  2 dart slugs
  33 orcs
  3 ball pythons (D:4)
  3 bats
  5 endoplasms
  3 giant cockroaches
  4 goblins
  5 hobgoblins
  2 quokkas (D:4)
  2 frilled lizards
  9 kobolds
  4 rats
245 creatures vanquished.

Vanquished Creatures (others)
  An orc wizard (D:7)
1 creature vanquished.

Grand Total: 246 creatures vanquished

Notes
Turn   | Place    | Note
-------+----------+-------------------------------------------
     0 | D:1      | TheDoctor the Ogre Gladiator began the quest for the Orb.
     0 | D:1      | Reached XP level 1. HP: 22/22 MP: 1/1
   118 | D:1      | Found Enoxocox's General Store.
   139 | D:1      | Found Ixaninum's Antique Weapon Shoppe.
   220 | D:1      | Reached XP level 2. HP: 28/31 MP: 2/2
   421 | D:1      | Found Misosk's Assorted Antiques.
   643 | D:1      | Found Ucagus's General Store.
  1046 | D:2      | Reached XP level 3. HP: 39/39 MP: 3/3
  1934 | D:3      | Found Wawnosol's Distillery.
  1966 | D:3      | Reached XP level 4. HP: 47/48 MP: 4/4
  2001 | D:3      | Found a faded altar of an unknown god.
  2623 | D:1      | Bought a potion of flight for 39 gold pieces
  2623 | D:1      | Bought a scroll of teleportation for 39 gold pieces
  2623 | D:1      | Bought a scroll of identify for 26 gold pieces
  2669 | D:4      | Noticed a scorpion
  2732 | D:4      | Reached XP level 5. HP: 53/54 MP: 5/5
  2963 | D:4      | Reached XP level 6. HP: 54/62 MP: 6/6
  3403 | D:4      | Found a bloodstained altar of Trog.
  3410 | D:4      | Reached skill level 5 in Maces & Flails
  3736 | D:4      | Found a broken altar of Ashenzari.
  3980 | D:5      | Entered Level 5 of the Dungeon
  4426 | D:5      | Reached XP level 7. HP: 68/70 MP: 7/7
  4724 | D:5      | Noticed Menkaure
  4739 | D:5      | Killed Menkaure
  4740 | D:5      | Reached skill level 5 in Throwing
  5169 | D:5      | Found a white marble altar of Elyvilon.
  5173 | D:5      | Found a stormy altar of Qazlal.
  5442 | D:5      | Found a hide-covered altar of Uskayaw.
  5522 | D:5      | Found a shimmering blue altar of Sif Muna.
  6128 | D:6      | Found a shimmering altar of Xom.
  6295 | D:5      | Reached XP level 8. HP: 54/78 MP: 8/8
  7693 | D:7      | Found a hazy altar of Hepliaklqana.
  8531 | D:7      | Reached XP level 9. HP: 35/84 MP: 9/9
  8716 | D:7      | Noticed a hornet
  8726 | D:7      | Killed a hornet
  8853 | D:7      | Identified the +7 trident "Gicwien" {flame, Str+2 Int+4}
  9053 | D:7      | Reached skill level 1 in Polearms
  9128 | D:7      | Found a staircase to the Ecumenical Temple.
  9141 | Temple   | Entered the Ecumenical Temple
  9169 | Temple   | Became a worshipper of Warmaster Okawaru
  9891 | D:8      | Reached * piety under Okawaru
 10350 | D:8      | Found an ornate altar of the Wu Jian Council.
 10434 | D:8      | Reached skill level 5 in Polearms
 10687 | D:8      | Reached XP level 10. HP: 87/90 MP: 10/10
 10787 | D:8      | Found a transporter.
 10790 | D:8      | Found a transporter.
 10790 | D:8      | Noticed Gastronok
 10990 | D:8      | Reached ** piety under Okawaru
 11197 | D:8      | Found a burning altar of Makhleb.
 11211 | D:8      | Found a transporter.
 11212 | D:8      | Found a transporter.
 11391 | D:8      | Found a transporter.
 11392 | D:8      | Found a transporter.
 11619 | D:9      | Found Ynoocs's Book Shoppe.
 12340 | D:9      | Found Sonkitib's Magic Scroll Boutique.
 12355 | D:9      | Reached skill level 10 in Throwing
 12361 | D:9      | Learned a level 3 spell: Confusing Touch
 12421 | D:9      | Reached skill level 1 in Hexes
 12472 | D:9      | Identified the +2 chain mail "Ziytafeu" {rF- Str+5 Int+6}
 12522 | D:9      | Found a glowing silver altar of Zin.
 12577 | D:9      | Found a runed translucent gate.
 12578 | D:9      | Found a runed translucent gate.
 12578 | D:9      | Noticed Wiggles's ghost (novice MiBe)
 12579 | D:9      | Found a runed translucent gate.
 13245 | D:9      | Reached *** piety under Okawaru
 13888 | D:10     | Entered Level 10 of the Dungeon
 13897 | D:10     | Found an opulent altar of Gozag.
 13907 | D:10     | Received a gift from Okawaru
 14018 | D:10     | Found a glowing golden altar of the Shining One.
 14191 | D:10     | Reached XP level 11. HP: 70/100 MP: 11/11
 14283 | D:10     | Found a staircase to the Lair.
 14430 | D:10     | Reached skill level 5 in Hexes
 14677 | D:10     | Found a transporter.
 14677 | D:10     | Identified the +10 dire flail "Oseut" {vamp, *Rage rCorr
                  | Str+3 Dex+3}
 14677 | D:10     | Noticed a two-headed ogre
 14677 | D:10     | Noticed Inchmeat's ghost (journeyman AtMo)
 14677 | D:10     | Noticed a two-headed ogre
 14679 | D:10     | Noticed a two-headed ogre
 14682 | D:10     | Noticed a two-headed ogre
 15363 | D:11     | Noticed a two-headed ogre
 15381 | D:11     | Killed a two-headed ogre
 15505 | D:11     | Found a runed translucent gate.
 15506 | D:11     | Found a runed translucent gate.
 15546 | D:11     | Received a gift from Okawaru
 15546 | D:11     | Reached **** piety under Okawaru
 15842 | D:11     | Noticed a two-headed ogre
 15973 | D:11     | Killed a two-headed ogre
 15973 | D:11     | Received a gift from Okawaru
 16149 | D:11     | Noticed Maurice
 16157 | D:11     | Noticed a manticore
 16361 | D:11     | Paralysed by something for 4 turns
 16394 | D:11     | Killed Maurice
 16418 | D:11     | Killed a manticore
 16419 | D:11     | Reached skill level 10 in Polearms
 16633 | D:11     | Reached ***** piety under Okawaru
 16850 | D:11     | Found a runed translucent gate.
 16850 | D:11     | Noticed Inchmeat's ghost (journeyman TrGl)
 16852 | D:11     | Noticed erynZofia's ghost (journeyman DEAE)
 17366 | D:11     | Learned a level 3 spell: Vhi's Electric Charge
 17419 | D:12     | Noticed an ogre mage
 17444 | D:12     | Paralysed by an ogre mage for 5 turns
 17453 | D:12     | Killed an ogre mage
 17454 | D:12     | Reached skill level 5 in Fighting
 17454 | D:12     | Reached skill level 1 in Spellcasting
 17454 | D:12     | Reached XP level 12. HP: 34/111 MP: 8/14
 17664 | D:12     | Noticed a sphinx
 17699 | D:12     | Killed a sphinx
 17812 | D:12     | Noticed a tengu reaver
 17830 | D:12     | Slain by a tengu reaver

Illustrated notes

Levels and vault maps discovered:
D:1:      minmay_arrival_stone_box, layout_basic, serial_shops, shop, shop,
          shop_fountains, nicolae_shop_tiny_waterfront
D:2:      layout_basic, nrook_mini_vaults, minmay_pentomino_v2
D:3:      layout_loops_ring, serial_shops, nicolae_shop_hallway_plus,
          ebering_ecumenical_altar_petrified, nicolae_half_adder
D:4:      layout_rooms, mainiacjoe_overflow_catwalk, kennysheep_mini_moat,
          nicolae_ashenzari_skybound, serial_glass, glass_columns_a,
          glass_columns_a, glass_columns_a, glass_columns_c, glass_columns_b,
          glass_columns_a, glass_columns_a, glass_columns_c, glass_columns_a,
          glass_columns_a, feat_on_display, due_unseen_surprise,
          minmay_strange_pillars, minmay_strange_pillars,
          minmay_misc_feat_alley, minmay_bent
D:5:      layout_basic, grunt_temple_overflow_open, nicolae_uskayaw_suspiria,
          led_sif_pool, uniq_menkaure
D:6:      layout_layer_cave, led_xom_imps
D:7:      layout_loops_ring, nzn_hepliaklqana_mist_gate,
          lemuel_temple_firewalk_a
D:8:      layout_basic, nzn_wu_jian_contemplation, mainiacjoe_overflow_alcove_2,
          serial_nicolae_subway, nicolae_sub_station_metal,
          nicolae_sub_station_crystal, nicolae_sub_station_stone, uniq_gastronok
D:9:      layout_basic, mainiacjoe_overflow_chevrons,
          biasface_ghost_orc_armoury, serial_shops, shop_scrolls, shop_statue,
          serial_ice, serial_ice_d, serial_ice_l, serial_ice_f, serial_ice_c
D:10:     layout_loops_ring, mainiacjoe_overflow_big_doors,
          erik_lair_orcish_takeover, gammafunk_ghost_smash,
          minmay_misc_feat_rows
D:11:     layout_basic, gammafunk_ghost_cemetery, uniq_maurice
D:12:     minmay_textured_paths, layout_cave_pools, uniq_azrael
Temple:   hellmonk_temple_two_chambers

Skill      XL: |  1  2  3  4  5  6  7  8  9 10 11 12 |
---------------+-------------------------------------+-----
Fighting       | 3 4 5 6 |  6.1
Maces & Flails | 3 4 5 6 7 8 |  8.1
Throwing       | 3 4 5 7 9 10 | 10.0
Polearms       | 5 8 10 | 10.2
Hexes          | 4 8 |  8.2
Spellcasting   | 1 3 |  3.4
Dodging        | |  2.6

Action                     |  1- 3 |  4- 6 |  7- 9 | 10-12 || total
---------------------------+-------+-------+-------+-------++-------
  Melee: Flail             |     9 |       |       |       ||     9
         Whip              |    94 |   160 |   309 |       ||   563
         Punch             |     2 |     1 |     7 |     2 ||    12
         Trident           |       |       |   113 |   502 ||   615
  Throw: Stone             |     4 |    19 |    40 |    22 ||    85
         Dart              |       |     7 |     5 |       ||    12
         Boomerang         |       |     8 |       |       ||     8
         Throwing net      |       |       |     4 |       ||     4
         Javelin           |       |       |       |     2 ||     2
   Cast: Confusing Touch   |       |       |       |    13 ||    13
 Invoke: Heroism           |       |       |       |     2 ||     2
  Evoke: Wand              |       |       |     1 |       ||     1
    Use: Scroll            |       |     1 |     1 |     3 ||     5
         Potion            |       |       |     2 |     1 ||     3
   Stab: Held in net/web   |       |       |     1 |       ||     1
         Confused          |       |       |       |     6 ||     6
 Armour: Robe              |    22 |    30 |    64 |       ||   116
         Steam dragon scal |       |       |    23 |   106 ||   129
  Dodge: Dodged            |    51 |    87 |   265 |   423 ||   826
